Map: Nightshade LE

Players

Reynor - Winner!

  • Race: Zerg Zerg
  • Spawn Location: 11:00

Zest

  • Race: Protoss Protoss
  • Spawn Location: 5:00

VOD

Have the link to the VOD?

Description

Time

  • Played on: Jan. 7, 2020, 6:51 p.m.
  • Length: 10:43
Show
View Real Time Build Order
Export as new Build Order

Reynor Zerg - Winner!

Build Orders: Hatch First 

Get SALT Encoding   

  12  0:01  Drone  
  13  0:12  Overlord  
  13  0:17  Drone  
  14  0:30  Drone  
  14  0:31  Drone  
  16  0:47  Hatchery  
  15  0:51  Drone  
  15  0:55  Drone  
  17  0:58  Drone  
  18  1:09  Extractor  
  17  1:13  Spawning Pool  
  17  1:16  Drone  
  17  1:19  Drone  
  18  1:28  Drone  
  19  1:39  Drone  
  20  1:49  Overlord  
  20  2:00  Queen x2  
  26  2:01  Zergling x4  
  26  2:08  Metabolic Boost  
  26  2:10  Drone  
  26  2:13  Drone  
  28  2:21  Drone  
  28  2:22  Drone  
  30  2:35  Hatchery  
  29  2:38  Drone  
  29  2:39  Drone  
  31  2:44  Drone  
  31  2:46  Overlord  
  32  2:53  Drone  
  32  2:57  Zergling x2  
  34  3:05  Zergling x4  
  34  3:06  Queen  
  34  3:08  Zergling x6  
  39  3:14  Queen  
  39  3:16  Drone  
  42  3:20  Overlord  
  42  3:26  Drone  
  43  3:28  Drone  
  44  3:40  Spore Crawler  
  44  3:41  Drone  
  44  3:42  Overlord  
  44  3:43  Drone, Evolution Chamber  
  44  3:48  Drone x5  
  46  3:51  Drone  
  46  3:52  Drone  
  49  4:00  Zergling x4  
  49  4:01  Drone  
  50  4:08  Drone x2  
  50  4:09  Queen  
  53  4:10  Zerg Melee Weapons Level 1  
  53  4:12  Spore Crawler  
  53  4:14  Drone  
  53  4:20  Drone x2  
  53  4:23  Spore Crawler  
  53  4:29  Zergling x8  
  53  4:30  Zergling x2  
  58  4:32  Overlord  
  58  4:40  Overlord  
  58  4:46  Overlord  
  58  4:49  Queen  
  60  4:54  Zergling x12  
  60  4:56  Zergling x4  
  60  4:59  Zergling x10  
  68  5:06  Overlord  
  68  5:07  Queen  
  67  5:10  Zergling x6  
  69  5:16  Drone x2  
  69  5:20  Drone x4  
  70  5:25  Drone x2  
  72  5:28  Queen  
  72  5:31  Lair  
  72  5:32  Drone x2  
  72  5:34  Drone  
  77  5:36  Extractor  
  77  5:38  Extractor, Drone  
  77  5:39  Drone  
  77  5:40  Drone  
  78  5:47  Drone x3  
  78  5:48  Drone  
  82  5:50  Pneumatized Carapace  
  82  5:51  Drone x2  
  82  5:55  Zergling x2  
  82  5:56  Roach Warren  
  84  6:01  Overlord  
  84  6:05  Zergling x8  
  84  6:07  Zergling x2  
  84  6:09  Queen  
  84  6:10  Zergling x2  
  86  6:16  Zergling x8  
  86  6:18  Overlord  
  83  6:20  Zergling x6  
  83  6:22  Overlord  
  85  6:28  Drone  
  85  6:29  Drone  
  85  6:31  Extractor  
  85  6:32  Zerg Melee Weapons Level 2  
  86  6:33  Drone  
  86  6:34  Drone  
  88  6:41  Overlord  
  88  6:43  Hatchery  
  88  6:44  Roach x4  
  88  6:46  Glial Reconstitution  
  92  6:50  Roach  
  92  6:52  Roach  
  96  6:55  Zergling x4, Roach x2  
  96  6:58  Queen  
  104  7:04  Roach x3  
  104  7:06  Extractor  
  108  7:09  Zergling x6  
  100  7:16  Roach x4  
  100  7:19  Roach  
  100  7:20  Overlord  
  101  7:26  Zergling x4, Roach  
  100  7:31  Drone x3  
  99  7:40  Drone  
  99  7:41  Drone x2  
  97  7:48  Drone x4  
  101  7:54  Drone  
  101  7:55  Drone  
  103  8:06  Overseer  
  103  8:08  Roach x3  
  103  8:11  Zergling x2, Roach x3  
  116  8:14  Hatchery  
  116  8:16  Zergling x2, Roach x2  
  120  8:21  Drone  
  120  8:22  Drone, Baneling Nest  
  121  8:29  Overlord  
  120  8:38  Overlord  
  115  8:41  Drone x3  
  115  8:42  Drone x2  
  112  8:49  Drone x4  
  112  8:55  Drone x4  
  115  9:02  Drone x2  
  115  9:03  Drone x3  
  115  9:07  Centrifical Hooks  
  118  9:12  Roach  
  118  9:15  Zergling x4, Roach  
  121  9:20  Drone x3  
  124  9:26  Zergling x4, Infestation Pit  
  125  9:33  Zergling x2  
  125  9:36  Zergling x8  
  130  9:38  Extractor  
  130  9:42  Drone  
  130  9:43  Drone  
  130  9:46  Zergling x6  
  130  9:52  Zergling x10  
  138  9:55  Overlord  
  138  9:59  Zergling x4  
  140  10:03  Overlord  
  140  10:06  Overlord  
  140  10:08  Baneling x13  
  140  10:16  Ravager x3  
  140  10:17  Ravager  
  144  10:25  Spire  
  144  10:26  Drone x9  
Show
View Real Time Build Order
Export as new Build Order

Zest Protoss 

Build Orders: 1 Gate Expand, Oracle Opening, Phoenix Opening 

Get SALT Encoding   

  12  0:01  Probe  
  13  0:13  Probe  
  14  0:17  Pylon  
  14  0:25  Probe (Chrono Boost)  
  15  0:37  Probe (Chrono Boost), Gateway  
  16  0:45  Probe (Chrono Boost)  
  16  0:46  Assimilator  
  17  0:51  Probe  
  18  1:03  Probe  
  19  1:15  Probe  
  20  1:22  Nexus  
  20  1:32  Cybernetics Core  
  20  1:35  Probe  
  21  1:40  Assimilator  
  21  1:47  Probe  
  21  1:50  Pylon  
  22  1:59  Probe  
  23  2:06  Adept (Chrono Boost)  
  23  2:10  Stargate  
  23  2:12  Probe  
  26  2:19  Warp Gate  
  26  2:25  Probe (Chrono Boost)  
  26  2:28  Adept  
  29  2:35  Probe (Chrono Boost)  
  31  2:43  Probe (Chrono Boost)  
  32  2:44  Probe (Chrono Boost)  
  32  2:49  Probe x2 (Chrono Boost)  
  34  2:53  Phoenix (Chrono Boost)  
  36  3:02  Probe  
  36  3:07  Probe  
  36  3:08  Oracle (Chrono Boost)  
  40  3:14  Probe, Pylon  
  41  3:23  Gateway  
  41  3:30  Gateway  
  41  3:33  Twilight Council  
  41  3:34  Probe x2  
  43  3:41  Adept  
  45  3:48  Probe  
  45  3:49  Probe  
  43  4:01  Probe x2  
  45  4:05  Resonating Glaives (Chrono Boost)  
  45  4:22  Probe x2  
  46  4:25  Adept x2  
  46  4:28  Pylon  
  50  4:33  Adept  
  50  4:37  Pylon  
  52  4:39  Assimilator  
  52  4:42  Gateway  
  52  4:44  Gateway  
  52  4:49  Adept x2  
  55  5:00  Adept  
  41  5:23  Adept x3  
  45  5:30  Pylon  
  45  5:31  Gateway  
  45  5:43  Adept x3  
  45  5:44  Adept  
  45  5:45  Adept  
  55  6:04  Adept x2  
  55  6:05  Adept x3  
  51  6:28  Adept x5  
  51  6:31  Adept  
  57  6:49  Adept x3  
  57  6:50  Adept  
  51  7:30  Adept x4  
  51  7:31  Adept x2  
  57  7:43  Probe x2  
  55  7:51  Adept x4  
  55  7:52  Adept x2  
  55  7:57  Probe x2 (Chrono Boost)  
  69  8:04  Pylon  
  70  8:06  Probe (Chrono Boost)  
  70  8:12  Adept x3  
  77  8:14  Adept  
  78  8:22  Probe (Chrono Boost)  
  78  8:23  Probe (Chrono Boost)  
  62  8:49  Probe  
  51  8:59  Probe  
  51  9:01  Probe  
  51  9:02  Robotics Facility  
  51  9:05  Adept x2  
  51  9:06  Adept  
  51  9:16  Adept  
  51  9:17  Adept x2  
  51  9:21  Probe x2  
  55  9:25  Robotics Facility  
  55  9:27  Assimilator  
  55  9:30  Pylon  
  55  9:32  Sentry  
  55  9:33  Sentry  
  55  9:34  Stalker  
  61  9:40  Stalker x3  
  67  9:49  Immortal (Chrono Boost)  
  67  9:52  Probe x2  
  72  10:07  Probe x2  
  73  10:15  Pylon  
  73  10:21  Nexus  
  77  10:23  Pylon  
  81  10:30  Probe x2  
Tags
 
Add a new tag
Caveats
  • Supply blocks, unpowered buildings, or Contaminate may cause inaccurate times.
  • Supply counts are checked every 10 seconds.